 Dungeon Crawl Stone Soup version 0.29.1-15-g9cfb28693d (webtiles) character file.

Game seed: 15070268749223331549

14 protoss039 the Digger (level 2, 11/21 HPs)
             Began as a Demonspawn Earth Elementalist on Mar 24, 2023.
             Got out of the dungeon alive.
             The game lasted 00:00:37 (440 turns).

protoss039 the Digger (DsEE)                         Turns: 440, Time: 00:00:37

Health: 11/21      AC:  5    Str:  8    XL:     2   Next: 27%
Magic:  5/5        EV: 10    Int: 16    God:
Gold:   20         SH:  0    Dex: 13    Spells: 4/5 levels left

rFire   . . .      SeeInvis .   d - +0 dagger
rCold   . . .      Faith    .   (no shield)
rNeg    . . .      Spirit   .   e - +0 ring mail
rPois   .          Reflect  .   (helmet restricted)
rElec   .          Harm     .   (no cloak)
rCorr   .          Rampage  .   (no gloves)
Will    .....                   (no boots)
Stlth   +.........              (no amulet)
HPRegen 0.07/turn               (no ring)
MPRegen 0.09/turn               (no ring)

@: no status effects
A: horns 1
a: no special abilities


You escaped.
You visited 1 branch of the dungeon, and saw 1 of its levels.

You collected 20 gold pieces.

Inventory:

Hand Weapons
 d - a +0 dagger (weapon)
Armour
 e - a +0 ring mail (worn)
Scrolls
 c - a scroll of teleportation {unknown}
Potions
 a - a potion of mutation {unknown}
 b - a potion of magic


   Skills:
 + Level 1.0 Fighting
 - Level 1.7 Dodging
 - Level 1.7 Stealth
 + Level 2.2 Spellcasting
 - Level 0.8 Transmutations
 + Level 2.9 Earth Magic


You had 4 spell levels left.
You knew the following spells:

 Your Spells              Type           Power      Damage    Failure   Level
a - Sandblast             Erth           22%        2d7       19%         1

Your spell library contained the following spells:

 Spells                   Type           Power      Damage    Failure   Level
 Passwall                 Tmut/Erth      5%         N/A       41%         2
 Stone Arrow              Conj/Erth      12%        3d7       71%         3
 Petrify                  Tmut/Erth      7%         N/A       96%         4


Dungeon Overview and Level Annotations

Branches:
Dungeon (1/15) Zot: 5556

Altars:


Innate Abilities, Weirdness & Mutations

You have a pair of small horns on your head.


Message History

Nothing appears to happen.
Unknown command.
Casting: Sandblast (safe; 19% risk of failure)
Confirm with . or Enter, or press ? or * to list all spells.
Aiming: Sandblast (safe; 19% risk of failure)
Press: ? - help, Shift-Dir - straight line, f/p - dart slug
Aim: a dart slug (heavily wounded, 100% to hit)
You miscast Sandblast.
Nothing appears to happen.
The dart slug launches a dart at you. The slug dart misses you.
Unknown command.
Casting: Sandblast (safe; 19% risk of failure)
Confirm with . or Enter, or press ? or * to list all spells.
Aiming: Sandblast (safe; 19% risk of failure)
Press: ? - help, Shift-Dir - straight line, f/p - dart slug
Aim: a dart slug (heavily wounded, 100% to hit)
You miscast Sandblast.
Nothing appears to happen.
The dart slug launches a dart at you. The slug dart misses you.
Unknown command.
Casting: Sandblast (safe; 19% risk of failure)
Confirm with . or Enter, or press ? or * to list all spells.
Aiming: Sandblast (safe; 19% risk of failure)
Press: ? - help, Shift-Dir - straight line, f/p - dart slug
Aim: a dart slug (heavily wounded, 100% to hit)
The blast of sand hits the dart slug!
You kill the dart slug!
Your Fighting skill increases to level 1!
Unknown command.
Things that are here:
a jackal corpse; a jackal corpse Your magical contamination has completely faded away.
There is an open door here.
You open the door.
There is an open door here.
You see here a +0 club.
You see here a +0 club.
There is a staircase leading out of the dungeon here.
Are you sure you want to leave the Dungeon?
This will make you lose the game!
You have escaped!

##.### #)## #######
####..####.....#
#[...........#.# ###
##.♣♣♣♣♣♣♣♣♣....#
#####.###..♣PP..PP..♣.#.#
..##.#.....♣PP..P...♣.#.######
....###.##.♣..PP...P♣........#
..##.#.....♣..P.@.PP♣.##.###.#
.####.##.#.♣PP...P..♣.##.# #.#
.# ####.#.♣P...PP..♣.##.# #.#
.# #...♣...P..PP♣.##.# #[# .#
###.♣..PP..PP♣. #.# #.# .#
#..♣♣♣♣♣♣♣♣♣.##.# #.# .#
#.............#.###.# .#
###...## #........# .####
##.....## ####.#####


There were no monsters in sight!

Vanquished Creatures
  A dart slug (D:1)
  A bat (D:1)
  2 goblins (D:1)
  3 jackals (D:1)
  A kobold (D:1)
  A quokka (D:1)
9 creatures vanquished.

Notes
Turn   | Place    | Note
-------+----------+-------------------------------------------
     0 | D:1      | protoss039 the Demonspawn Earth Elementalist began the
                  | quest for the Orb.
     0 | D:1      | Reached XP level 1. HP: 13/13 MP: 3/3
   370 | D:1      | Gained mutation: You have a pair of small horns on your
                  | head. [demonic ancestry]
   370 | D:1      | Reached XP level 2. HP: 15/20 MP: 3/5
   391 | D:1      | Reached skill level 1 in Fighting
   440 | D:$      | Got out of the dungeon alive.

Illustrated notes

Levels and vault maps discovered:
D:1:      scummos_arrival_checkerplants, layout_loops_corners, serial_shops,
          nicolae_shop_hallway_stairs

Skill      XL: |  1  2 |
---------------+-------+-----
Fighting       | 1 |  1.0
Dodging        | |  1.7
Stealth        | |  1.7
Spellcasting   | |  2.2
Transmutations | |  0.8
Earth Magic    | |  2.9

Action                   || total
-------------------------++-------
Melee: Dagger            ||    24
       Headbutt          ||     4
 Cast: Sandblast         ||     8
Armor: Ring mail         ||     9
Dodge: Dodged            ||    26
